 Dungeon Crawl Stone Soup version 0.28.0-1-gb440e238dd (webtiles) character file.

Game seed: 16117298472712787084

140 spaghetti the Chopper (level 5, 0/45 HPs)
             Began as a Draconian Chaos Knight on Feb 20, 2022.
             Was a Plaything of Xom.
             Killed from afar by Blork the orc (6 damage)
             ... with a puff of flame
             ... on level 3 of the Dungeon.
             The game lasted 00:03:23 (2117 turns).

spaghetti the Chopper (Draconian Chaos Knight)      Turns: 2117, Time: 00:03:24

Health: 0/45       AC:  5    Str: 14    XL:     5   Next: 2%
Magic:  5/5        EV: 13    Int: 12    God:    Xom [...*..]
Gold:   99         SH:  0    Dex: 13    Spells: 4/4 levels left

rFire   . . .      SeeInvis .   a - +0 hand axe (chaos)
rCold   . . .      Faith    .   (no shield)
rNeg    . . .      Spirit   .   (armour unavailable)
rPois   .          Reflect  .   (helmet restricted)
rElec   .          Harm     .   (no cloak)
rCorr   .          Rampage  .   (no gloves)
Will    .....                   (no boots)
Stlth   +.........              e - amulet of magic regeneration
HPRegen 0.15/turn               (no ring)
MPRegen 0.49/turn               (no ring)

@: on berserk cooldown, flying, slowed, very slow
A: AC +5, unfitting armour, cold-blooded
a: Renounce Religion


You were on level 3 of the Dungeon.
You worshipped Xom.
You were a favourite toy of Xom.
You visited 1 branch of the dungeon, and saw 4 of its levels.

You collected 99 gold pieces.

Inventory:

Hand Weapons
 a - a +0 hand axe of chaos (weapon)
 b - a +0 hunting sling
Jewellery
 e - an amulet of magic regeneration (around neck)
Scrolls
 f - a scroll of teleportation {unknown}
 g - a scroll of amnesia {unknown}
Potions
 c - 2 potions of curing


   Skills:
 - Level 3.2 Fighting
 + Level 5.0 Axes
 + Level 3.2 Dodging


You had 4 spell levels left.
You didn't know any spells.
Your spell library contained the following spells:

 Spells                   Type           Power      Damage    Failure   Level
 Frozen Ramparts          Ice            0%         1d2       69%         3
 Ice Form                 Ice/Tmut       0%         N/A       97%         4
 Summon Ice Beast         Ice/Summ       0%         N/A       97%         4


Dungeon Overview and Level Annotations

Branches:
Dungeon (4/15)
 Temple: D:4-7

Altars:

Annotations:
D:3 Blork the orc


Innate Abilities, Weirdness & Mutations

Your plain brown scales are hard. (AC +5)
You cannot fit into any form of body armour.
You are cold-blooded and may be slowed by cold attacks.


Message History

A gnoll is nearby!
A gnoll is nearby!
You are too injured to fight recklessly!
Xom's power touches on a nearby monster.
The gnoll is charmed.
You are now a favourite toy of Xom.
Things that are here:
a +0 club; a +0 whip; a gnoll corpse Blork the orc barely misses you.
Xom asks Qazlal to spice things up a little.
Blork the orc hits you with a +0 short sword!
Your gnoll hits Blork the orc with a +0 spear.
Something hits Blork the orc.
Blork the orc casts a spell at you. The magic dart hits you.
* * * LOW HITPOINT WARNING * * *
Something barely misses Blork the orc.
Something hits Blork the orc.
You see here a ball python corpse.
You aren't carrying any items that you can evoke.
It was a potion of flight.
You feel very buoyant.
You fly up into the air.
Blork the orc gestures at you while chanting.
The magic dart hits you!
* * * LOW HITPOINT WARNING * * *
Your gnoll hits Blork the orc from afar with a +0 spear.
It was a potion of curing.
You feel better.
Xom roars with laughter!
Blork the orc casts a spell at you. The puff of frost hits you.
* * * LOW HITPOINT WARNING * * *
Your gnoll hits Blork the orc from afar with a +0 spear!
You aren't carrying any items that you can evoke.
Okay, then.
You barely miss Blork the orc.
Your tail-slap misses Blork the orc.
Blork the orc is severely wounded.
Blork the orc gestures at you while chanting.
The puff of flame hits you.
You die...

### ################### #..
....)......#.##...#######.#
########.###.##...#.......##
#####...#§§§...#.####...######
.........g§§§§..+............hg
.....#.#.#§#g...#.#...#.#.#####
####.#.#.#§#..o...........##...
. #.#......@.......#.#..#.## ##
#.###..(....###...[.....# #.#
#(......# #.#.#.###.# #.
##......# #.#.#.###.# #......#
#.#....##.# #......#
#.#.#.....# #......#
#.#.(..##### #......#
#.#........# ########
#.########.#


You could see Blork the orc (ally target) and a friendly gnoll (charmed).

Vanquished Creatures
  A water moccasin skeleton (D:2)
  3 gnolls
  An adder (D:2)
  4 bats
  6 endoplasms
  3 giant cockroaches
  A goblin (D:2)
  2 hobgoblins
  5 jackals
  3 kobolds (D:1)
  2 ball pythons
  3 frilled lizards
  6 rats
  3 toadstools (D:1)
43 creatures vanquished.

Vanquished Creatures (collateral kills)
  A gnoll (D:3)
  A jackal (D:3)
2 creatures vanquished.

Vanquished Creatures (others)
  A toadstool (D:1)
1 creature vanquished.

Grand Total: 46 creatures vanquished

Notes
Turn   | Place    | Note
-------+----------+-------------------------------------------
     0 | D:1      | spaghetti the Draconian Chaos Knight began the quest for
                  | the Orb.
     0 | D:1      | Reached XP level 1. HP: 19/19 MP: 1/1
    43 | D:1      | XOM: silly message
   103 | D:1      | Reached XP level 2. HP: 26/26 MP: 2/2
   312 | D:1      | Reached skill level 4 in Axes
   712 | D:1      | Reached XP level 3. HP: 27/31 MP: 3/3
   767 | D:1      | XOM: silly message
   974 | D:1      | Found a faded altar of an unknown god.
  1046 | D:1      | XOM: divination: magic mapping
  1049 | D:1      | XOM: silly message
  1141 | D:1      | XOM: noise
  1325 | D:2      | Reached XP level 4. HP: 23/38 MP: 4/4
  1664 | D:2      | Noticed a glowing shapeshifter
  1664 | D:2      | a hound changed into a glowing shapeshifter
  1664 | D:2      | Noticed an anaconda
  1664 | D:2      | a glowing shapeshifter changed into an anaconda
  1665 | D:2      | Noticed a water nymph
  1665 | D:2      | an anaconda changed into a water nymph
  1673 | D:2      | Noticed a great orb of eyes
  1796 | D:3      | You fall into a shaft and drop 1 floor!
  1911 | D:3      | XOM: cast spell 'Cause Fear'
  1922 | D:3      | XOM: silly message
  1929 | D:3      | XOM: potion effect (curing)
  2011 | D:4      | Noticed Blork the orc
  2011 | D:4      | XOM: cast spell 'Discord'
  2052 | D:3      | XOM: noise
  2055 | D:3      | XOM: confusion (+ monsters)
  2079 | D:3      | Reached skill level 5 in Axes
  2084 | D:3      | XOM: potion effect (berserk rage)
  2086 | D:3      | Reached XP level 5. HP: 26/45 MP: 5/5
  2102 | D:3      | XOM: enchant monster (good)
  2111 | D:3      | XOM: fog
  2117 | D:3      | Killed from afar by Blork the orc

Illustrated notes

Levels and vault maps discovered:
D:1:      ldierk_water_garden, layout_basic,
          shapermc_ecumenical_altar_mp_highgroup, chequers_serial_rivers_marsh,
          minmay_unequal
D:2:      layout_loops_cross, corexii_leaking_fountain
D:3:      layout_basic, serial_glass, glass_columns_a, glass_columns_c
D:4:      layout_rooms, minmay_temple_entry_sparse_star,
          kennysheep_small_circle, uniq_blork_the_orc, uniq_duvessa

Skill      XL: |  1  2  3  4 |
---------------+-------------+-----
Axes           | 4 5 |  5.0
Dodging        | 3 |  3.2
Fighting       | |  3.2

Action                   |  1- 3 |  4- 6 || total
-------------------------+-------+-------++-------
Melee: Hand axe          |    82 |    53 ||   135
       Tailslap          |     9 |     6 ||    15
       Punch             |     1 |     1 ||     2
  Use: Potion            |       |     2 ||     2
 Stab: Paralysed         |     4 |       ||     4
       Sleeping          |       |     1 ||     1
Armor: Skin              |    24 |    24 ||    48
Dodge: Dodged            |    37 |    61 ||    98
